 Dungeon Crawl Stone Soup version 0.25.1-2-g60ff931df9 (webtiles) character file.

Game seed: 15498749188264105649

748 nikku the Sneak (level 7, -3/37 HPs)
             Began as a Spriggan Assassin on Aug 22, 2020.
             Shot with an arrow by a centaur (14 damage)
             ... on level 7 of the Dungeon.
             The game lasted 00:12:44 (4575 turns).

nikku the Sneak (Spriggan Assassin)                 Turns: 4575, Time: 00:12:45

Health: -3/37      AC:  6    Str: 15    XL:     7   Next: 48%
Magic:  8/8        EV: 20    Int: 13    God:
Gold:   239        SH:  0    Dex: 17    Spells: 6/6 levels left

rFire    . . .     SeeInvis +   b - +0 hunting sling
rCold    . . .     Gourm    .   (shield restricted)
rNeg     . . .     Faith    .   v - +2 robe
rPois    .         Spirit   .   (helmet restricted)
rElec    .         Reflect  .   c - +1 cloak
rCorr    +         Harm     .   (gloves unavailable)
MR       +....                  (boots unavailable)
Stlth    ++++......             w - amulet of regeneration
HPRegen  0.52/turn              s - ring of resist corrosion
MPRegen  0.11/turn              t - +6 ring of strength

@: marked, very quick
A: very small, unfitting armour, see invisible, herbivore, speed 3, slow
metabolism 2
a: no special abilities


You were on level 7 of the Dungeon.
You were hungry.

You visited 1 branch of the dungeon, and saw 6 of its levels.

You collected 239 gold pieces.

Inventory:

Hand Weapons
 a - a +3 dagger
 b - a +0 hunting sling (weapon)
Missiles
 d - 31 poisoned darts
 e - 10 curare-tipped darts
 m - 68 sling bullets (quivered)
Armour
 c - a +1 cloak (worn)
 v - a +2 robe (worn)
Jewellery
 l - an uncursed amulet of faith
 s - a ring of resist corrosion (left hand)
 t - a +6 ring of strength (right hand)
 w - an amulet of regeneration (around neck)
Scrolls
 j - 6 scrolls of remove curse
 r - a scroll of teleportation
 x - a scroll of enchant armour
Potions
 g - a potion of resistance {unknown}
 h - 2 potions of cancellation {unknown}
 i - 2 potions of ambrosia {unknown}
 k - 2 potions of stabbing {unknown}
 n - a potion of curing {unknown}
 o - 2 potions of lignification
 p - 2 potions of invisibility {unknown}
 q - 3 potions of heal wounds
 u - 2 potions of might {unknown}
Comestibles
 f - 8 rations


   Skills:
 * Level 4.3 Fighting
 + Level 4.2 Short Blades
 + Level 2.5(3.5) Slings
 - Level 2.9(3.3) Throwing
 + Level 5.0 Dodging
 + Level 7.8 Stealth


You had 6 spell levels left.
You didn't know any spells.
Your spell library was empty.

Dungeon Overview and Level Annotations

Branches:
Dungeon (5/15)
 Temple: D:4-7

Altars:
Ashenzari
Yredelemnul
The Shining One

Shops:
D:4 %([(


Innate Abilities, Weirdness & Mutations

You are very small and have problems with some larger weapons.
You are too small for most types of armour.
You have supernaturally acute eyesight. (SInv)
You are a herbivore.
You cover ground extremely quickly.
You need to consume almost no food.


Message History

You see here an arrow.
The centaur shoots an arrow.
The arrow closely misses you.
You see here an arrow.
f - 8 rations (gained 1)
There are no items here.
Firing (i - inventory. (/) - cycle)
m - 70 sling bullets (quivered)
Press: ? - help, Shift-Dir - straight line, f - centaur
Aim: a centaur, wielding a +0 shortbow and quivering 11 arrows You shoot a sling bullet.
The sling bullet barely misses the centaur.
The centaur shoots an arrow.
The arrow misses you.
Firing (i - inventory. (/) - cycle)
m - 69 sling bullets (quivered)
Press: ? - help, Shift-Dir - straight line, f/p - centaur
Aim: a centaur, wielding a +0 shortbow and quivering 10 arrows You shoot a sling bullet.
The sling bullet barely misses the centaur.
The centaur shoots an arrow.
The arrow hits you!
* * * LOW HITPOINT WARNING * * *
The centaur shoots an arrow.
The arrow hits you!
You die...

############
#..........#
#....>.)...#
#..........#
########..(.....(.#
#..........(......#
....%.............#
#...............@.#
#........c#########
#.........#
#....(...##
.....c.#####
#..........#
#......###.#
#.c....# #......#


You could see a centaur.

Vanquished Creatures
  Sigmund (D:2)
  Blork the orc (D:4)
  2 scorpions (D:3)
  A howler monkey (D:4)
  A crimson imp (D:5)
  2 hounds (D:5)
  3 orc wizards
  Jessica (D:3)
  An iguana (D:4)
  2 worker ants (D:5)
  2 adders
  2 worms (D:3)
  2 dart slugs
  A leopard gecko (D:3)
  16 orcs
  5 giant cockroaches
  4 goblins (D:1)
  3 hobgoblins
  9 jackals
  3 quokkas
  3 bats
  6 frilled lizards
  10 kobolds
  A quokka skeleton (D:5)
  8 rats
90 creatures vanquished.

Notes
Turn   | Place    | Note
-------+----------+-------------------------------------------
     0 | D:1      | nikku the Spriggan Assassin began the quest for the Orb.
     0 | D:1      | Reached XP level 1. HP: 10/10 MP: 2/2
   205 | D:1      | Reached skill level 6 in Stealth
   205 | D:1      | Reached XP level 2. HP: 15/15 MP: 3/3
   912 | D:2      | Noticed Sigmund
   920 | D:2      | Killed Sigmund
   920 | D:2      | Reached XP level 3. HP: 19/19 MP: 4/4
   920 | D:2      | Reached XP level 4. HP: 23/23 MP: 5/5
   920 | D:2      | Reached XP level 5. HP: 28/28 MP: 6/6
  1297 | D:3      | Found a shattered altar of Ashenzari.
  1571 | D:3      | Noticed Jessica
  1575 | D:3      | Killed Jessica
  2172 | D:3      | Reached skill level 7 in Stealth
  2172 | D:3      | Reached XP level 6. HP: 15/32 MP: 7/7
  2397 | D:4      | Found Rueq's Food Emporium.
  2462 | D:4      | Reached skill level 1 in Slings
  3085 | D:4      | Found Netexzory's Antique Armour Emporium.
  3090 | D:4      | Found Caneled's Weapon Emporium.
  3100 | D:4      | Found Joimofuy's Antique Weapon Shop.
  3208 | D:4      | Noticed Blork the orc
  3227 | D:4      | Killed Blork the orc
  3227 | D:4      | Reached XP level 7. HP: 34/37 MP: 8/8
  3482 | D:5      | Entered Level 5 of the Dungeon
  3680 | D:5      | Found a basalt altar of Yredelemnul.
  4176 | D:5      | Found a glowing golden altar of the Shining One.
  4366 | D:5      | Reached skill level 5 in Dodging
  4555 | D:5      | You fall into a shaft and drop 2 floors!
  4575 | D:7      | Shot with an arrow by a centaur

Illustrated notes

Levels and vault maps discovered:
D:1:      mainiacjoe_arrival_reflecting_pool, layout_loops_ring, st_stairs_7,
          minmay_3d_cube
D:2:      layout_rooms, first_ration, uniq_sigmund
D:3:      layout_basic, ashenzari_altar_1, corexii_shack, uniq_jessica
D:4:      layout_rooms, serial_shops, nicolae_shop_stone, shop, shop_fountains,
          shop, kennysheep_path_1, uniq_blork_the_orc
D:5:      layout_gridville, grunt_temple_overflow_holy_war
D:7:      layout_rooms, xom_redecorated, minmay_lizard_king, uniq_harold

Skill      XL: |  1  2  3  4  5  6  7 |
---------------+----------------------+-----
Stealth        | 6 7 |  7.8
Dodging        | 3 4 5 |  5.0
Fighting       | 2 3 4 |  4.3
Short Blades   | 3 4 |  4.2
Slings         | 1 2 |  2.5
Throwing       | |  2.9

Action                   |  1- 3 |  4- 6 |  7- 9 || total
-------------------------+-------+-------+-------++-------
Melee: Dagger            |    56 |    82 |    63 ||   201
 Fire: Hunting sling     |       |    97 |    79 ||   176
Throw: Dart              |       |     5 |       ||     5
  Use: Scroll            |     5 |     5 |     1 ||    11
 Stab: Sleeping          |    10 |     7 |     1 ||    18
Armor: Robe              |     3 |    11 |    14 ||    28
Dodge: Dodged            |    25 |    94 |    59 ||   178
